PL
ATLANTA SMOKE @ PHOENIX HOTSPUR
07/12/2029
 
TOP OF THE 1ST
Atlanta Smoke batting - Pitching for Phoenix Hotspur : RHP Pablo De La Torre
Pitching: RHP Pablo De La Torre
Batting: RHB Bartolo Morales 0-0: Called Strike
0-1: Foul Ball, location: 2F
0-2: Foul Ball, location: 2F
0-2: Ball
1-2: Foul Ball, location: 2F
1-2: Foul Ball, location: 2F
1-2: Foul Ball, location: 2F
1-2: Ball
2-2: Ball
3-2: Ground out 5-3 (Groundball, 56)
Batting: LHB Albert Morán 0-0: Foul Ball, location: 2F
0-1: Ball
1-1: Foul Ball, location: 2F
1-2: SOLO HOME RUN (Flyball, 9LD), Distance : 367 ft
Batting: LHB Yataro Kodo 0-0: Ball
1-0: Ball
2-0: Foul Ball, location: 2F
2-1: Called Strike
2-2: SINGLE (Groundball, 4MS) (infield hit)
Batting: SHB Valentín Guzmán 0-0: Ball
1-0: Foul Ball, location: 2F
1-1: Foul Ball, location: 2F
1-2: Ball
2-2: Fielders Choice at 2nd, 4-6 (Groundball, 4)
Batting: RHB Gabriel Maldonado 0-0: Called Strike
0-1: Ball
1-1: Called Strike
1-2: Strikes out looking
Top of the 1st over - 1 run, 2 hits, 0 errors, 1 left on base; Atlanta 1 - Phoenix 0
BOTTOM OF THE 1ST
Phoenix Hotspur batting - Pitching for Atlanta Smoke : LHP Allen Blair
Pitching: LHP Allen Blair
Batting: RHB Roland Deschain 0-0: Ball
1-0: Called Strike
1-1: Foul Ball, location: 2F
1-2: Ball
2-2: Ball
3-2: Base on Balls
Batting: RHB Ted Cook 0-0: Ball
1-0: Fly out, F7 (Flyball, 7S)
Batting: LHB Francisco García 0-0: Ball
1-0: Called Strike
1-1: Called Strike
1-2: SINGLE (Groundball, 5D)
Roland Deschain to second
Batting: RHB Randy Rehling 0-0: Called Strike
0-1: Ball
1-1: Called Strike
1-2: Strikes out swinging
Batting: LHB Mario Cruz 0-0: SINGLE (Line Drive, 4D)
Roland Deschain to third
Francisco García to second
Runner from 3rd tries for Home, throw and OUT!
Bottom of the 1st over - 0 runs, 2 hits, 0 errors, 2 left on base; Atlanta 1 - Phoenix 0
TOP OF THE 2ND
Atlanta Smoke batting - Pitching for Phoenix Hotspur : RHP Pablo De La Torre
Batting: RHB Bobby Butterfield 0-0: Ball
1-0: Ball
2-0: Fly out, F7 (Flyball, 78S)
Batting: SHB Melito Báez 0-0: Foul Ball, location: 2F
0-1: Ball
1-1: Ball
2-1: Ground out 4-3 (Groundball, 4)
Batting: LHB Bernardo Elías 0-0: Ball
1-0: Called Strike
1-1: Fly out, F8 (Flyball, 8LD)
Top of the 2nd over - 0 runs, 0 hits, 0 errors, 0 left on base; Atlanta 1 - Phoenix 0
BOTTOM OF THE 2ND
Phoenix Hotspur batting - Pitching for Atlanta Smoke : LHP Allen Blair
Batting: LHB Wagaw Lukongolo 0-0: Called Strike
0-1: DOUBLE (Line Drive, 89D)
Batting: RHB Kyle Bywaters 0-0: Fly out, F5 (Line Drive, 5S)
Batting: SHB Jesús González 0-0: Called Strike
0-1: Ball
1-1: Called Strike
1-2: SINGLE (Line Drive, 8RS)
Wagaw Lukongolo to third
Runner from 3rd tries for Home, SAFE, throw made home
Batting: RHB Hieronymus Bosch 0-0: Fly out, F9 (Flyball, 9S)
Batting: RHB Roland Deschain 0-0: Ball
1-0: Ball
2-0: Ball
3-0: Called Strike
3-1: Fielders Choice at 2nd, 5-4 (Groundball, 5)
Bottom of the 2nd over - 1 run, 2 hits, 0 errors, 1 left on base; Atlanta 1 - Phoenix 1
TOP OF THE 3RD
Atlanta Smoke batting - Pitching for Phoenix Hotspur : RHP Pablo De La Torre
Batting: RHB Gerardo Castillo 0-0: Ball
1-0: Foul Ball, location: 2F
1-1: Called Strike
1-2: Fly out, F9 (Flyball, 9LS)
Batting: RHB Bartolo Morales 0-0: Ball
1-0: Ground out 5-3 (Groundball, 56S)
Batting: LHB Albert Morán 0-0: Ball
1-0: Ball
2-0: Swinging Strike
2-1: Foul Ball, location: 2F
2-2: Ball
3-2: SINGLE (Groundball, 34D)
Batting: LHB Yataro Kodo 0-0: Called Strike
0-1: Swinging Strike
0-2: Ball
1-2: Fly out, F9 (Flyball, 9LD)
Top of the 3rd over - 0 runs, 1 hit, 0 errors, 1 left on base; Atlanta 1 - Phoenix 1
BOTTOM OF THE 3RD
Phoenix Hotspur batting - Pitching for Atlanta Smoke : LHP Allen Blair
Batting: RHB Ted Cook 0-0: Ball
1-0: Ball
2-0: Foul Ball, location: 2F
2-1: Ball
3-1: Fly out, F7 (Line Drive, 78S)
Batting: LHB Francisco García 0-0: Called Strike
0-1: Fly out, F8 (Flyball, 8RD)
Batting: RHB Randy Rehling 0-0: Ball
1-0: Ball
2-0: Called Strike
2-1: Called Strike
2-2: Strikes out looking
Bottom of the 3rd over - 0 runs, 0 hits, 0 errors, 0 left on base; Atlanta 1 - Phoenix 1
TOP OF THE 4TH
Atlanta Smoke batting - Pitching for Phoenix Hotspur : RHP Pablo De La Torre
Batting: SHB Valentín Guzmán 0-0: Ball
1-0: Ground out 4-3 (Groundball, 34D)
Batting: RHB Gabriel Maldonado 0-0: Called Strike
0-1: Ball
1-1: Foul Ball, location: 2F
1-2: Fly out, F7 (Flyball, 7LS)
Batting: RHB Bobby Butterfield 0-0: Ball
1-0: Foul Ball, location: 2F
1-1: Ball
2-1: Called Strike
2-2: Strikes out swinging
Top of the 4th over - 0 runs, 0 hits, 0 errors, 0 left on base; Atlanta 1 - Phoenix 1
BOTTOM OF THE 4TH
Phoenix Hotspur batting - Pitching for Atlanta Smoke : LHP Allen Blair
Batting: LHB Mario Cruz 0-0: Called Strike
0-1: Foul Ball, location: 2F
0-2: Strikes out swinging
Batting: LHB Wagaw Lukongolo 0-0: Ball
1-0: Ball
2-0: Ball
3-0: Base on Balls
Batting: RHB Kyle Bywaters 0-0: Ball
1-0: Ball
2-0: Called Strike
2-1: Ball
3-1: Foul Ball, location: 2F
3-2: Fly out, F8 (Flyball, 8RD)
Batting: SHB Jesús González 0-0: Foul Ball, location: 2F
0-1: Ball
1-1: Foul Ball, location: 2F
1-2: Ground out 4-3 (Groundball, 4)
Bottom of the 4th over - 0 runs, 0 hits, 0 errors, 1 left on base; Atlanta 1 - Phoenix 1
TOP OF THE 5TH
Atlanta Smoke batting - Pitching for Phoenix Hotspur : RHP Pablo De La Torre
Batting: SHB Melito Báez 0-0: Ball
1-0: Ball
2-0: Ground out 4-3 (Groundball, 34)
Batting: LHB Bernardo Elías 0-0: Foul Ball, location: 2F
0-1: Foul Ball, location: 2F
0-2: Ball
1-2: Ball
2-2: Strikes out swinging
Batting: RHB Gerardo Castillo 0-0: Ball
1-0: Called Strike
1-1: DOUBLE (Line Drive, 78M)
Batting: RHB Bartolo Morales 0-0: Called Strike
0-1: SINGLE (Groundball, 4M) (infield hit)
Gerardo Castillo to third
Batting: LHB Albert Morán 0-0: Ball
1-0: Called Strike
1-1: Swinging Strike
1-2: Strikes out swinging
Top of the 5th over - 0 runs, 2 hits, 0 errors, 2 left on base; Atlanta 1 - Phoenix 1
BOTTOM OF THE 5TH
Phoenix Hotspur batting - Pitching for Atlanta Smoke : LHP Allen Blair
Batting: RHB Hieronymus Bosch 0-0: Ball
1-0: Ball
2-0: Fly out, F7 (Flyball, 7LMF)
Batting: RHB Roland Deschain 0-0: Foul Ball, location: 2F
0-1: Called Strike
0-2: Ball
1-2: DOUBLE (Line Drive, 78D)
Batting: RHB Ted Cook 0-0: Ball
1-0: Fly out, F7 (Flyball, 7)
Batting: LHB Francisco García 0-0: Ball
1-0: Ball
2-0: Fly out, F9 (Flyball, 89D)
Bottom of the 5th over - 0 runs, 1 hit, 0 errors, 1 left on base; Atlanta 1 - Phoenix 1
TOP OF THE 6TH
Atlanta Smoke batting - Pitching for Phoenix Hotspur : RHP Pablo De La Torre
Batting: LHB Yataro Kodo 0-0: Ball
1-0: Foul Ball, location: 2F
1-1: Swinging Strike
1-2: Ground out 6-3 (Groundball, 6)
Batting: SHB Valentín Guzmán 0-0: Foul Ball, location: 2F
0-1: Ball
1-1: Ball
2-1: SINGLE (Groundball, 6S) (infield hit)
Pitching: RHP Richard Osborn
Batting: RHB Gabriel Maldonado 0-0: Ball
1-0: Ball
2-0: Called Strike
2-1: Foul Ball, location: 2F
2-2: Strikes out swinging
Batting: RHB Bobby Butterfield 0-0: Ball
Throwing error on steal attempt, E2
Valentín Guzmán to third
1-0: Foul Ball, location: 2F
1-1: Ball
2-1: Foul Ball, location: 2F
2-2: Foul Ball, location: 2F
2-2: Strikes out swinging
Top of the 6th over - 0 runs, 1 hit, 1 error, 1 left on base; Atlanta 1 - Phoenix 1
BOTTOM OF THE 6TH
Phoenix Hotspur batting - Pitching for Atlanta Smoke : LHP Allen Blair
Batting: RHB Randy Rehling 0-0: Ground out 4-3 (Groundball, 4)
Batting: LHB Mario Cruz 0-0: Ground out 4-3 (Groundball, 4)
Batting: LHB Wagaw Lukongolo 0-0: Ground out 5-3 (Groundball, 56)
Bottom of the 6th over - 0 runs, 0 hits, 0 errors, 0 left on base; Atlanta 1 - Phoenix 1
TOP OF THE 7TH
Atlanta Smoke batting - Pitching for Phoenix Hotspur : RHP Richard Osborn
Batting: SHB Melito Báez 0-0: Ball
1-0: Swinging Strike
1-1: Foul Ball, location: 2F
1-2: Strikes out swinging
Batting: LHB Bernardo Elías 0-0: Ball
1-0: SINGLE (Groundball, 5D)
Batting: RHB Gerardo Castillo 0-0: Ball
1-0: Called Strike
Bernardo Elías steals 2nd base
1-1: Foul Ball, location: 2F
1-2: Ball
2-2: Fly out, F4 (Popup, 4M)
Batting: RHB Bartolo Morales 0-0: Ball
1-0: Ball
2-0: Ball
3-0: Foul Ball, location: 2F
3-1: SINGLE (Line Drive, 34D)
Bernardo Elías to third
Runner from 3rd tries for Home, SAFE, no throw
Batting: LHB Albert Morán 0-0: Called Strike
0-1: Ball
1-1: Ball
2-1: Ball
3-1: Called Strike
3-2: Fly out, F8 (Flyball, 8RM)
Top of the 7th over - 1 run, 2 hits, 0 errors, 1 left on base; Atlanta 2 - Phoenix 1
BOTTOM OF THE 7TH
Phoenix Hotspur batting - Pitching for Atlanta Smoke : LHP Allen Blair
Batting: RHB Kyle Bywaters 0-0: Ball
1-0: SINGLE (Groundball, 34D)
Batting: SHB Jesús González 0-0: Sac Bunt - play at first, batter OUT! 1-4
Kyle Bywaters to second
Batting: RHB Hieronymus Bosch 0-0: Called Strike
0-1: Called Strike
Kyle Bywaters steals 3rd base
0-2: Ground out 5-3 (Groundball, 56S)
Batting: RHB Roland Deschain 0-0: Ball
1-0: Foul Ball, location: 2F
1-1: Ball
2-1: Foul Ball, location: 2F
2-2: SINGLE (Groundball, 56D)
Kyle Bywaters scores
Batting: RHB Ted Cook 0-0: Called Strike
Roland Deschain steals 2nd base
0-1: Fly out, F9 (Flyball, 9LMF)
Bottom of the 7th over - 1 run, 2 hits, 0 errors, 1 left on base; Atlanta 2 - Phoenix 2
TOP OF THE 8TH
Atlanta Smoke batting - Pitching for Phoenix Hotspur : RHP Richard Osborn
Batting: LHB Yataro Kodo 0-0: Fly out, F6 (Popup, 6)
Batting: SHB Valentín Guzmán 0-0: Fly out, F4 (Line Drive, 34)
Batting: RHB Gabriel Maldonado 0-0: Called Strike
0-1: SINGLE (Groundball, 5D)
Batting: RHB Bobby Butterfield 0-0: Called Strike
0-1: Ball
1-1: Foul Ball, location: 2F
1-2: Ball
2-2: Foul Ball, location: 2F
2-2: Ball
3-2: SINGLE (Line Drive, 34)
Gabriel Maldonado to second
Gabriel Maldonado to third
Batting: SHB Melito Báez 0-0: Ball
1-0: Ball
2-0: Ground out 4-3 (Groundball, 34D)
Top of the 8th over - 0 runs, 2 hits, 0 errors, 2 left on base; Atlanta 2 - Phoenix 2
BOTTOM OF THE 8TH
Phoenix Hotspur batting - Pitching for Atlanta Smoke : LHP Allen Blair
Batting: LHB Francisco García 0-0: Fly out, F7 (Flyball, 7D)
Batting: RHB Randy Rehling 0-0: Swinging Strike
0-1: Foul Ball, location: 2F
0-2: Ball
1-2: Ball
2-2: Ball
3-2: Fly out, F7 (Line Drive, 78S)
Batting: LHB Mario Cruz 0-0: Ball
1-0: Called Strike
1-1: Ground out 4-3 (Groundball, 4)
Bottom of the 8th over - 0 runs, 0 hits, 0 errors, 0 left on base; Atlanta 2 - Phoenix 2
TOP OF THE 9TH
Atlanta Smoke batting - Pitching for Phoenix Hotspur : RHP Richard Osborn
Pitching: RHP Alexander Weareorwear
Batting: LHB Bernardo Elías 0-0: Swinging Strike
0-1: Ball
1-1: Ball
2-1: Ball
3-1: SINGLE (Line Drive, 89S)
Batting: RHB Gerardo Castillo 0-0: Ball
1-0: Ball
2-0: Swinging Strike
2-1: Foul Ball, location: 2F
2-2: Fly out, F8 (Flyball, 8RS)
Batting: RHB Bartolo Morales 0-0: Called Strike
0-1: Fielders Choice at 2nd, 6-4 (Groundball, 6M)
Batting: LHB Albert Morán 0-0: Ball
Bartolo Morales steals 2nd base
1-0: Ball
2-0: SINGLE (Groundball, 34D)
Bartolo Morales to third
Runner from 3rd tries for Home, SAFE, no throw
Batting: LHB Yataro Kodo 0-0: Ball
1-0: Called Strike
1-1: Ball
2-1: SINGLE (Groundball, 4MD)
Albert Morán to second
Batting: SHB Valentín Guzmán 0-0: Foul Ball, location: 2F
0-1: Ball
1-1: Swinging Strike
1-2: Strikes out looking
Top of the 9th over - 1 run, 3 hits, 0 errors, 2 left on base; Atlanta 3 - Phoenix 2
BOTTOM OF THE 9TH
Phoenix Hotspur batting - Pitching for Atlanta Smoke : LHP Allen Blair
Batting: LHB Wagaw Lukongolo 0-0: Called Strike
0-1: Ball
1-1: Swinging Strike
1-2: Ball
2-2: Foul Ball, location: 2F
2-2: Foul Ball, location: 2F
2-2: Ball
3-2: Base on Balls
Pitching: RHP Manny Amici
Batting: RHB Kyle Bywaters 0-0: Bunted foul
0-1: Bunted foul
0-2: SINGLE (Groundball, 6D)
Wagaw Lukongolo to second
Batting: SHB Jesús González 0-0: Called Strike
0-1: Swinging Strike
0-2: Strikes out swinging
Batting: RHB Hieronymus Bosch 0-0: Called Strike
0-1: Swinging Strike
0-2: Foul Ball, location: 2F
0-2: Ball
1-2: Ball
2-2: Ball
3-2: Foul Ball, location: 2F
3-2: Fly out, F6 (Line Drive, 56)
Batting: RHB Roland Deschain 0-0: Swinging Strike
0-1: Called Strike
0-2: Ball
1-2: Fielders Choice at 2nd, 6-4 (Groundball, 6)
Bottom of the 9th over - 0 runs, 1 hit, 0 errors, 2 left on base; Atlanta 3 - Phoenix 2
Tuesday, December 19th, 2017 - OOTP Baseball 18.8 Build 76